 Dungeon Crawl Stone Soup version 0.31-a0-157-g0643eb4156 (webtiles) character file.

Game seed: 18129035728573085794

664 qw the Shooter (level 7, -4/44 HPs)
             Began as a Gargoyle Hunter on June 12, 2023.
             Slain by a wight
             ... wielding a +0 halberd
              (5 damage)
             ... on level 5 of the Dungeon.
             The game lasted 00:01:42 (3899 turns).

qw the Shooter (Gargoyle Hunter)                    Turns: 3899, Time: 00:01:42

Health: -4/44      AC: 15    Str: 15    XL:     7   Next: 57%
Magic:  7/7        EV: 11    Int:  9    God:
Gold:   247        SH:  0    Dex: 15    Spells: 6/6 levels left

rFire   . . .        Y - +0 shortbow
rCold   . . .        (shield currently unavailable)
rNeg    + . .        i - +0 ring mail
rPois   inf          f - +1 helmet
rElec   +            g - +0 cloak
rCorr   .            c - +1 pair of gloves
SInv    .            (no boots)
Will    .....        (no amulet)
Stlth   +            (no ring)
HPRegen 0.27/turn    (no ring)
MPRegen 0.10/turn

%: no passive effects
@: about to teleport
A: sickness immunity, AC +4, negative energy resistance 1, electricity
resistance, torment resistance 1, petrification resistance
a: no special abilities


You were on level 5 of the Dungeon.
You visited 1 branch of the dungeon, and saw 5 of its levels.

You collected 247 gold pieces.


Innate Abilities, Weirdness & Mutations

You are immune to sickness and miasma.
Your stone body is resilient. (AC +4)
You are immune to poison.
You resist negative energy. (rN+)
You are resistant to electric shocks. (rElec)
You are resistant to unholy torment.
You are immune to petrification.


   Skills:
 - Level 4.6 Fighting
 + Level 7.7 Ranged Weapons
 - Level 2.5 Armour
 - Level 1.5 Dodging
 - Level 1.1 Stealth


You had 6 spell levels left.
You didn't know any spells.
Your spell library was empty.

Inventory:

Hand Weapons
 Y - a +0 shortbow (weapon)
Armour
 c - a +1 pair of gloves (worn)
 f - a +1 helmet (worn)
 g - a +0 cloak (worn)
 i - a +0 ring mail (worn)
Jewellery
 m - a ring of magical power
Scrolls
 b - 2 scrolls of teleportation
 e - 3 scrolls of identify {unknown}
Potions
 a - a potion of magic {unknown}
 d - a potion of ambrosia {unknown}
 h - 2 potions of curing
 j - a potion of degeneration {unknown}
 k - a potion of lignification {unknown}
 l - a potion of might

Dungeon Overview and Level Annotations

Branches:
Dungeon (5/15)
 Temple: D:4-7

Altars:
Gozag
Trog
Zin

Shops:
D:4 =

Annotations:
D:3 3 runed translucent doors, qw's ghost, amateur MiHu


Message History

The ogre is moderately wounded.
A wight comes into view. It is wielding a +0 halberd.
You shoot an arrow. The arrow hits the ogre!
The ogre is heavily wounded.
A wight comes into view. It is wielding a +2 scimitar.
You shoot an arrow. The arrow hits the ogre!
The ogre is almost dead.
You shoot an arrow. The arrow barely misses the ogre.
The arrow closely misses the wight.
You shoot an arrow. The arrow barely misses the ogre.
The arrow closely misses the wight.
The ogre closely misses you. The wight barely misses you.
You shoot an arrow. The arrow hits the ogre!
You kill the ogre!
The wight hits you but does no damage.
A wight comes into view. It is wielding a +0 flail.
The wight closely misses you.
You shoot an arrow.
The arrow hits the wight but does no damage.
The wight closely misses you. The wight completely misses you.
You shoot an arrow. The arrow barely misses the wight.
The wight hits you from afar with a +0 halberd.
A wight comes into view. It is wielding a +3 halberd.
The wight hits you from afar with a +4 trident of freezing!
The wight freezes you.
You shoot an arrow. The arrow closely misses the wight.
The arrow hits the wight!
The wight is heavily damaged.
The wight hits you from afar with a +0 halberd!
The wight closely misses you.
You shoot an arrow. The arrow hits the wight!
The wight is severely damaged.
The wight hits you from afar with a +0 halberd.
The wight hits you from afar with a +4 trident of freezing!
The wight freezes you. The wight hits you with a +2 scimitar.
3899 ||| READING 3 scrolls of teleportation.
As you read the scroll of teleportation, it crumbles to dust.
You feel strangely unstable.
The wight hits you from afar with a +0 halberd.
You die...

##.........#...........
..#......###.#.....>....#
.........#.............#
#..........##........
###.#...#.###........
...##..##..#..##........
.........##..............
.##....#.....#..#........
#..####@z...####........
#......).#..........##..
##....zz.#.......... ...
.....z.... .... ... ....
........... ... #....
..#.z)......... #
##....!...# .....[....


You could see 5 wights.

Vanquished Creatures
  An ice beast (D:5)
  An ogre (D:5)
  2 scorpions
  2 hounds (D:4)
  An orc priest (D:4)
  An iguana (D:5)
  2 orc wizards
  4 gnolls (D:5)
  7 adders
  4 worms
  7 orcs
  4 ball pythons
  7 endoplasms
  2 giant cockroaches
  6 goblins
  9 hobgoblins
  7 jackals
  7 kobolds
  2 quokkas
  4 bats
  6 frilled lizards
  3 rats
89 creatures vanquished.

Notes
Turn   | Place    | Note
-------+----------+-------------------------------------------
     0 | D:1      | qw the Gargoyle Hunter began the quest for the Orb.
     0 | D:1      | Reached XP level 1. HP: 12/12 MP: 1/1
     0 | D:1      | 0 ||| qw: Version: 0.2-a-29-gc1b59c4
     0 | D:1      | 0 ||| qw: Game counter: 4107
     0 | D:1      | 0 ||| qw: Always use a shield: true
     0 | D:1      | 0 ||| qw: God list: Okawaru
     0 | D:1      | 0 ||| qw: Allow faded altars: false
     0 | D:1      | 0 ||| qw: Do Orc after D:15 true
     0 | D:1      | 0 ||| qw: Do second Lair branch before Depths: true
     0 | D:1      | 0 ||| qw: Lair rune preference: random
     0 | D:1      | 0 ||| qw: Plans: Normal, Zot:1-4, Slime:5, God:TSO, Crypt,
                  | Tomb, Abyss, Pan, Hells, Win
     0 | D:1      | 0 ||| PLANNING D:1-11
   105 | D:1      | Reached XP level 2. HP: 17/17 MP: 2/2
   502 | D:1      | Reached XP level 3. HP: 21/21 MP: 3/3
   632 | D:1      | 632 ||| UPGRADING to +0 helmet.
   637 | D:1      | 637 ||| READING scroll labelled DADDIA PAPTAPSO.
   638 | D:1      | 638 ||| READING scroll labelled JEFENU SUBECAN.
   641 | D:1      | 641 ||| READING 2 scrolls labelled VUTZOA WILENKO.
   642 | D:1      | 642 ||| DROPPING scroll of butterflies.
   643 | D:1      | 643 ||| DROPPING scroll of blinking.
   665 | D:2      | 665 ||| STAIRDANCE
   668 | D:1      | HP: 3/21 [worm (9)]
   672 | D:1      | Reached skill level 5 in Ranged Weapons
  1090 | D:2      | Found a faded altar of an unknown god.
  1201 | D:2      | Reached skill level 3 in Fighting
  1215 | D:2      | Reached XP level 4. HP: 27/28 MP: 4/4
  1371 | D:2      | 1371 ||| UPGRADING to +0 cloak.
  1376 | D:2      | 1376 ||| UPGRADING to +0 ring mail.
  1386 | D:2      | 1386 ||| DROPPING +0 leather armour.
  1387 | D:2      | 1387 ||| READING scroll labelled BUIGOCE JECW.
  1388 | D:2      | 1388 ||| READING scroll labelled IHOCSAR NOUHO.
  1488 | D:3      | Reached skill level 1 in Armour
  1627 | D:3      | Found a bloodstained altar of Trog.
  1654 | D:3      | Found a runed translucent gate.
  1654 | D:3      | Found a runed translucent gate.
  1655 | D:3      | Found a runed translucent gate.
  1656 | D:3      | Found an opulent altar of Gozag.
  1660 | D:3      | Noticed a bullfrog
  1660 | D:3      | Noticed qw's ghost (amateur MiHu)
  2106 | D:3      | HP: 7/28 [orc wizard/+0 dagger (1)]
  2107 | D:3      | 2107 ||| READING scroll of teleportation.
  2290 | D:3      | Reached XP level 5. HP: 27/32 MP: 5/5
  2398 | D:3      | 2398 ||| READING scroll labelled QEG NOCIGESO.
  2420 | D:3      | 2420 ||| READING scroll labelled KEEQEK DIGOUD.
  2421 | D:3      | 2421 ||| READING scroll labelled IPRASSULAHE.
  2422 | D:3      | 2422 ||| READING scroll labelled XIEDDY FYUFUSE.
  2423 | D:3      | 2423 ||| DRINKING 2 murky dark potions.
  2424 | D:3      | 2424 ||| DRINKING 2 purple potions.
  2467 | D:4      | Reached skill level 6 in Ranged Weapons
  2585 | D:4      | Reached XP level 6. HP: 35/39 MP: 6/6
  2858 | D:4      | HP: 8/39 [something/magic dart (4)]
  3070 | D:4      | Found Usareipn's Jewellery Shoppe.
  3082 | D:4      | 3082 ||| SHOPLISTING +4 ring of protection (468 gold, have
                  | 224).
  3082 | D:4      | 3082 ||| SHOPLISTING +6 ring of dexterity (468 gold, have
                  | 224).
  3082 | D:4      | 3082 ||| SHOPLISTING amulet of faith (520 gold, have 224).
  3082 | D:4      | 3082 ||| SHOPLISTING amulet of reflection (390 gold, have
                  | 224).
  3082 | D:4      | 3082 ||| SHOPLISTING ring of ice (325 gold, have 224).
  3082 | D:4      | 3082 ||| SHOPLISTING ring of willpower (325 gold, have
                  | 224).
  3211 | D:4      | 3211 ||| READING scroll of enchant armour.
  3211 | D:4      | 3211 ||| ENCHANTING +0 helmet.
  3388 | D:4      | 3388 ||| UPGRADING to +1 pair of gloves.
  3393 | D:4      | 3393 ||| DRINKING 2 coppery potions.
  3394 | D:4      | 3394 ||| DROPPING potion of invisibility.
  3407 | D:5      | Entered Level 5 of the Dungeon
  3427 | D:5      | Reached XP level 7. HP: 24/44 MP: 7/7
  3632 | D:5      | Found a glowing silver altar of Zin.
  3632 | D:5      | Noticed an angel
  3832 | D:5      | Reached skill level 7 in Ranged Weapons
  3898 | D:5      | HP: 10/44 [wight/+4 trident of freezing (10)]
  3898 | D:5      | HP: 1/44 [wight/+2 scimitar (5)]
  3899 | D:5      | 3899 ||| READING 3 scrolls of teleportation.
  3899 | D:5      | Slain by a wight

Levels and vault maps discovered:
D:1:      minmay_arrival_floating_metal, layout_basic
D:2:      layout_loops_ring, basic_ecumenical_altar
D:3:      layout_loops_cross, general_overflow_altar, ebering_ghost_gozag,
          kennysheep_generic_room_5
D:4:      layout_loops_cross, serial_shops, shop, uniq_crazy_yiuf_cottage
D:5:      layout_cave_pools, gammafunk_temple_overflow_pools, zin_angel

Skill      XL: |  1  2  3  4  5  6  7 |
---------------+----------------------+-----
Ranged Weapons | 5 6 7 |  7.7
Fighting       | 3 4 |  4.6
Armour         | 1 2 |  2.5
Dodging        | |  1.5
Stealth        | |  1.1

Action                     |  1- 3 |  4- 6 |  7- 9 || total
---------------------------+-------+-------+-------++-------
   Fire: Shortbow          |   113 |   268 |    54 ||   435
    Use: Scroll            |     3 |     8 |     1 ||    12
         Potion            |       |     3 |       ||     3
 Armour: Leather armour    |    14 |     7 |       ||    21
         Ring mail         |       |    90 |    13 ||   103
  Dodge: Dodged            |    15 |    88 |    30 ||   133

Table legend:
 A = Non-vault XP
 B = Vault XP
 C = Vault XP percentage of total XP
 D = Non-vault monster count
 E = Vault monster count
 F = Vault count percentage of total count
                 A         B        C        D         E       F
            +---------+---------+-------+---------+---------+-------
      Total |     944 |       5 |   0.5 |      86 |       3 |   3.4
            +---------+---------+-------+---------+---------+-------
        D:1 |      42 |       0 |   0.0 |      24 |       0 |   0.0
        D:2 |      55 |       0 |   0.0 |      15 |       0 |   0.0
        D:3 |      98 |       5 |   4.9 |      20 |       3 |  13.0
        D:4 |     324 |       0 |   0.0 |      19 |       0 |   0.0
        D:5 |     425 |       0 |   0.0 |       8 |       0 |   0.0
            +---------+---------+-------+---------+---------+-------
